Map: Persephone LE

Players

STZsOs (sOs)

  • Race: Protoss Protoss
  • League: Master
  • Spawn Location: 11:00

Krystianer - Winner!

  • Race: Protoss Protoss
  • League: Master
  • Spawn Location: 7:00

Event: FEL Cracov 2025

VOD

Have the link to the VOD?

Description

Time

  • Played on: July 27, 2025, 4:49 a.m.
  • Length: 13:03

All games in this series

Show
View Real Time Build Order
Export as new Build Order

STZsOs Protoss 

Build Orders: Phoenix Opening 

Get SALT Encoding   

  12  0:00  Probe  
  13  0:12  Probe  
  14  0:17  Pylon  
  14  0:24  Probe  
  15  0:32  Probe  
  15  0:37  Gateway  
  15  0:40  Probe  
  16  0:46  Assimilator  
  17  0:51  Probe  
  17  0:54  Assimilator  
  18  0:59  Probe  
  19  1:06  Gateway  
  19  1:07  Probe  
  19  1:17  Probe  
  20  1:23  Cybernetics Core  
  21  1:29  Probe  
  22  1:33  Pylon  
  22  1:41  Probe  
  23  1:51  Warp Gate  
  23  2:00  Sentry, Stalker  
  27  2:13  Phoenix  
  27  2:19  Nexus  
  27  2:23  Sentry  
  27  2:29  Pylon  
  29  2:39  Sentry  
  31  2:47  Probe, Shield Battery  
  31  2:48  Stalker  
  33  2:59  Probe  
  33  3:01  Stalker  
  36  3:15  Probe  
  36  3:16  Pylon  
  37  3:28  Probe  
  38  3:35  Probe  
  38  3:40  Stalker x2  
  43  3:45  Shield Battery  
  43  3:49  Shield Battery  
  43  3:51  Probe  
  42  3:56  Probe  
  41  4:04  Probe  
  41  4:08  Probe  
  41  4:09  Stalker x4  
  42  4:13  Stalker  
  42  4:16  Stalker  
  46  4:23  Probe  
  41  4:24  Probe  
  42  4:32  Probe x2  
  44  4:53  Stalker x2  
  44  4:54  Probe x2  
  50  5:05  Probe  
  50  5:06  Probe  
  47  5:18  Probe  
  46  5:22  Stalker x2  
  48  5:35  Probe x2  
  46  5:43  Probe x2  
  46  5:48  Robotics Facility  
  48  5:50  Stalker x2  
  48  5:51  Probe x2  
  54  6:02  Probe x2  
  51  6:13  Sentry  
  51  6:14  Probe x2  
  51  6:17  Gateway  
  55  6:22  Probe  
  55  6:27  Probe  
  55  6:30  Probe  
  55  6:32  Assimilator  
  57  6:34  Twilight Council  
  57  6:37  Adept x2  
  62  6:40  Pylon  
  62  6:42  Probe  
  62  6:45  Probe  
  61  6:54  Probe  
  61  6:59  Probe  
  67  7:02  Probe  
  68  7:11  Probe  
  69  7:15  Blink  
  69  7:16  Probe  
  70  7:24  Observer  
  70  7:26  Pylon  
  70  7:28  Pylon  
  70  7:30  Probe  
  67  7:41  Immortal  
  66  7:45  Probe x2  
  71  7:56  Probe  
  71  7:59  Probe  
  71  8:08  Probe  
  71  8:11  Gateway, Sentry  
  74  8:15  Immortal  
  78  8:27  Stalker x2  
  81  8:43  Gateway  
  81  8:44  Gateway  
  81  8:45  Pylon  
  81  8:49  Stalker  
  81  8:52  Pylon  
  81  8:54  Stalker  
  85  8:56  Warp Prism  
  86  9:04  Sentry  
  86  9:06  Sentry  
  86  9:19  Stalker x2  
  90  9:31  Stalker x2  
  90  9:32  Nexus  
  90  9:37  Observer  
  95  10:01  Stalker x3  
  101  10:11  Probe  
  101  10:12  Pylon  
  101  10:13  Pylon  
  102  10:16  Forge  
  102  10:20  Immortal  
  102  10:29  Charge  
  102  10:30  Probe, Pylon  
  102  10:33  Shield Battery  
  107  10:42  Probe x2  
  108  10:43  Protoss Ground Weapons Level 1  
  107  10:51  Immortal  
  111  11:04  Probe x2  
  111  11:05  Probe  
  111  11:10  Zealot x5  
  111  11:11  Zealot  
  126  11:20  Photon Cannon  
  126  11:21  Pylon  
  126  11:22  Immortal  
  126  11:26  Dark Shrine  
  126  11:30  Probe  
  131  11:43  Probe x2  
  131  11:45  Stalker x4  
  141  11:52  Observer  
  140  11:58  Probe  
  140  11:59  Pylon  
  140  12:01  Nexus  
  145  12:08  Immortal  
  143  12:19  Zealot x5  
  132  12:32  Pylon  
  132  12:34  Pylon  
  132  12:36  Pylon  
  132  12:39  Dark Templar  
  132  12:42  Dark Templar  
  132  12:43  Zealot x2  
  132  12:44  Zealot  
  106  12:54  Zealot  
Show
View Real Time Build Order
Export as new Build Order

Krystianer Protoss - Winner!

Build Orders: Oracle Opening 

Get SALT Encoding   

  12  0:00  Probe  
  13  0:12  Probe  
  14  0:17  Pylon  
  14  0:23  Probe  
  15  0:31  Probe  
  15  0:37  Gateway  
  15  0:39  Probe  
  16  0:45  Assimilator  
  17  0:50  Probe  
  17  0:54  Assimilator  
  18  0:59  Probe  
  19  1:07  Probe  
  19  1:08  Gateway  
  20  1:17  Probe  
  20  1:23  Cybernetics Core  
  21  1:29  Probe  
  22  1:33  Pylon  
  22  1:41  Probe  
  23  1:53  Probe  
  24  1:59  Adept x2  
  24  2:00  Warp Gate  
  28  2:07  Pylon  
  28  2:17  Probe  
  28  2:21  Stargate  
  29  2:29  Adept x2  
  33  2:55  Nexus  
  33  2:56  Oracle  
  33  3:00  Probe  
  33  3:12  Probe  
  37  3:17  Pylon  
  37  3:25  Oracle  
  37  3:30  Probe  
  41  3:42  Probe  
  41  3:43  Twilight Council  
  42  3:54  Probe  
  37  4:06  Probe x2  
  37  4:08  Stalker x2  
  43  4:10  Pylon  
  41  4:18  Probe x2  
  43  4:30  Probe  
  44  4:31  Stalker x2  
  44  4:32  Probe  
  44  4:37  Shield Battery  
  49  4:42  Probe  
  50  4:48  Stalker x2  
  50  4:52  Probe  
  51  4:54  Probe  
  49  5:04  Probe  
  44  5:09  Stalker x2  
  44  5:10  Probe  
  49  5:16  Probe  
  48  5:23  Probe  
  48  5:28  Probe  
  46  5:33  Stalker x2  
  46  5:35  Probe  
  51  5:40  Probe  
  51  5:47  Probe, Dark Shrine  
  51  5:48  Probe  
  52  5:50  Shield Battery  
  53  5:59  Probe  
  53  6:02  Probe, Stalker x2  
  57  6:11  Probe  
  57  6:13  Assimilator  
  57  6:16  Probe  
  58  6:20  Blink  
  58  6:23  Probe  
  59  6:26  Gateway  
  59  6:30  Pylon  
  59  6:31  Stalker  
  59  6:32  Probe  
  62  6:35  Pylon  
  62  6:48  Probe  
  62  6:51  Gateway  
  62  6:53  Pylon  
  63  6:57  Shield Battery  
  63  6:59  Dark Templar  
  65  7:02  Gateway  
  65  7:09  Gateway, Dark Templar  
  67  7:18  Probe  
  67  7:22  Stalker  
  70  7:31  Nexus  
  70  7:37  Pylon  
  70  7:41  Stalker  
  70  7:47  Stalker x2  
  70  7:49  Stalker  
  70  7:50  Probe  
  77  7:52  Probe  
  77  8:02  Charge  
  77  8:03  Probe  
  77  8:04  Probe  
  78  8:07  Stalker x2  
  82  8:15  Probe  
  82  8:16  Stalker, Probe  
  84  8:22  Stalker  
  86  8:27  Probe  
  87  8:35  Stalker x2  
  87  8:38  Pylon  
  87  8:39  Stalker  
  93  8:49  Forge  
  93  8:53  Shield Battery  
  92  8:59  Gateway  
  92  9:00  Sentry  
  92  9:01  Gateway  
  92  9:02  Probe x2  
  96  9:06  Zealot  
  96  9:08  Zealot  
  100  9:16  Stalker x2  
  102  9:22  Stalker  
  102  9:29  Stalker  
  102  9:30  Stalker x2  
  108  9:33  Shield Battery  
  108  9:34  Shield Battery  
  108  9:35  Pylon  
  108  9:41  Stalker x2  
  108  9:44  Shield Battery  
  112  9:54  Zealot x3, Protoss Ground Weapons Level 1  
  112  9:55  Forge  
  118  10:00  Zealot x2  
  122  10:08  Stalker x2  
  122  10:10  Zealot  
  128  10:16  Robotics Facility  
  128  10:17  Adept  
  128  10:18  Adept  
  132  10:24  Probe  
  133  10:29  Pylon  
  133  10:35  Pylon  
  131  10:45  Stalker x2  
  133  10:51  Nexus  
  133  10:52  Probe x2  
  134  11:00  Probe  
  134  11:01  Observer  
  135  11:04  Probe  
  135  11:05  Pylon  
  135  11:08  Warp Prism, Stalker x3  
  143  11:11  Probe  
  143  11:16  Photon Cannon  
  145  11:20  Adept  
  145  11:23  Pylon, Adept  
  145  11:24  Probe  
  151  11:30  Probe x2  
  153  11:38  Photon Cannon  
  153  11:46  Zealot x6  
  161  12:07  Zealot x7  
  175  12:09  Zealot  
  155  12:28  Stalker x2  
  155  12:29  Stalker x5  
  169  12:32  Stalker  
  131  12:53  Zealot x7  
  131  12:55  Zealot  
Tags
 
Add a new tag
Caveats
  • Supply blocks, unpowered buildings, or Contaminate may cause inaccurate times.
  • Supply counts are checked every 10 seconds.